 Dungeon Crawl Stone Soup version 0.19-a0-1002-g674d22e (webtiles) character file.

120 ourship the Changer (level 5, -3/33 HPs)
             Began as an Octopode Transmuter on July 19, 2016.
             Slain by an orc
             ... wielding a +0 trident
              (9 damage)
             ... on level 2 of the Dungeon.
             The game lasted 00:15:16 (2704 turns).

ourship the Changer (Octopode Transmuter)           Turns: 2704, Time: 00:15:17

Health: -3/33      AC:  1    Str: 10    XL:     5   Next: 4%
Magic:  6/8        EV: 12    Int: 15    God:
Gold:   115        SH:  0    Dex: 13    Spells: 2 memorised, 5 levels left

rFire  . . .     SeeInvis .       - Unarmed
rCold  . . .     Gourm    .     (no shield)
rNeg   . . .     Faith    .     (helmet restricted)
rPois  .         Spirit   .     (no amulet)
rElec  .         Dismiss  .     (no ring)
rCorr  .         Reflect  .     (no ring)
SustAt .         Harm     .     (no ring)
MR     .....                    (no ring)
Stlth  ++........               (no ring)
                                (no ring)
                                (no ring)
                                (no ring)

@: appendage, very slightly contaminated, not resistant to hostile enchantments,
unstealthy
A: almost no armour, amphibious, 8 rings, constrict 8, tentacle spike 3,
camouflage 1, gelatinous body 1
a: End Transformation


You were on level 2 of the Dungeon.
You were not hungry.
One of your tentacles had a temporary spike.
You visited 1 branch of the dungeon, and saw 3 of its levels.

You collected 115 gold pieces.

Inventory:

Missiles
 a - 37 arrows
 s - 26 stones (quivered)
Jewellery
 d - an uncursed ring of resist corrosion {unknown}
 k - an uncursed ring of positive energy {unknown}
Scrolls
 e - 4 scrolls of identify
 f - a scroll of enchant armour {unknown}
 j - 2 scrolls of amnesia
 l - a scroll of blinking {unknown}
 m - 2 scrolls of teleportation {unknown}
 n - a scroll of fog {unknown}
Potions
 h - 2 potions of brilliance {unknown}
 i - a potion of curing {unknown}
 o - a potion of haste {unknown}
 q - a potion of might {unknown}
 r - 2 potions of flight {unknown}
Books
 b - a book of Changes

   Spells                             Type                      Level
   a - Beastly Appendage              Transmutation                1
   b - Sticks to Snakes               Transmutation                2
   c - Spider Form                    Transmutation/Poison         3
   d - Ice Form                       Ice/Transmutation            4
   e - Blade Hands                    Transmutation                5
Comestibles
 c - 2 bread rations
 g - a slice of pizza


   Skills:
 - Level 1.0 Fighting
 - Level 2.0 Dodging
 - Level 3.0 Unarmed Combat
 - Level 2.0 Spellcasting
 * Level 5.0 Transmutations


You had 5 spell levels left.
You knew the following spells:

 Your Spells              Type           Power        Failure   Level  Hunger
a - Beastly Appendage     Tmut           ###...       2%          1    #......
b - Sticks to Snakes      Tmut           ###.....     4%          2    ###....


Dungeon Overview and Level Annotations

Branches:
Dungeon (3/15)

Altars:


Innate Abilities, Weirdness & Mutations

You cannot wear most types of armour.
You are amphibious.
You can wear up to eight rings at the same time.
You can use your tentacles to constrict eight enemies at once.
Your skin changes colour to match your surroundings (Stealth+).
Your rubbery body absorbs attacks. (AC +1)
One of your tentacles bears a large vicious spike.


Message History

The orc closely misses you. The orc misses you.
Casting: Beastly Appendage
Confirm with . or Enter, or press ? or * to list all spells.
One of your tentacles grows a vicious spike.
The orc barely misses you. The orc hits you with a club.
You barely miss the orc. Your grab misses the orc.
The orc hits you but does no damage. The orc misses you.
You tentacle-slap the orc but do no damage.
Your grab misses the orc.
Your tentacle spike misses the orc.
The orc hits you with a trident!
As you read the scroll labeled AZAT OTUISCH, it crumbles to dust.
It is a scroll of identify.
j - 2 scrolls of amnesia The orc barely misses you.
The orc hits you with a trident. The orc barely misses you.
The orc hits you with a trident.
* * * LOW HITPOINT WARNING * * *
You climb upwards.
There is a stone staircase leading down here.
The orc hits you from afar with a trident!
You die...

#.# ###.###.####..#
#.######.....#.......#
#............#####...#
#.##.##......# ##.##
#.##.##......# #.#
#.#..##......# #.#
#(#.###.###### #.#
#.#.###.###########.#
#........[.o@.......#
###.#......>..###...#
#.#.....)o..###...#
#.#...............#
#...........###..##
###..............#
#.......#......#
################


You could see 2 orcs.

Vanquished Creatures
  An orc wizard (D:3)
  3 adders
  An ooze (D:2)
  4 dart slugs (D:1)
  2 giant geckos
  4 orcs
  5 giant cockroaches
  4 goblins
  3 hobgoblins
  A quokka (D:3)
  9 bats
  2 giant newts
  2 kobolds
  8 rats
49 creatures vanquished.

Vanquished Creatures (collateral kills)
  An adder (D:2)
  A bat (D:3)
2 creatures vanquished.

Grand Total: 51 creatures vanquished

Notes
Turn   | Place    | Note
-------+----------+-------------------------------------------
     0 | D:1      | ourship the Octopode Transmuter began the quest for the Orb.
     0 | D:1      | Reached XP level 1. HP: 13/13 MP: 3/3
   307 | D:1      | Reached XP level 2. HP: 18/18 MP: 5/5
   436 | D:1      | Reached skill level 3 in Transmutations
   857 | D:1      | Reached XP level 3. HP: 19/23 MP: 6/6
  1325 | D:1      | Learned a level 2 spell: Sticks to Snakes
  1799 | D:2      | Reached skill level 4 in Transmutations
  1867 | D:2      | Reached XP level 4. HP: 25/28 MP: 7/7
  2133 | D:3      | Noticed an ogre
  2359 | D:3      | Reached skill level 5 in Transmutations
  2363 | D:3      | Reached XP level 5. HP: 14/33 MP: 6/8
  2704 | D:2      | Slain by an orc

Vault maps used:
D:1:      eino_arrival_water_cross
D:2:      first_bread

Skill      XL: |  1  2  3  4 |
---------------+-------------+-----
Transmutations | 3 4 5 |  5.0
Fighting       | |  1.0
Dodging        | |  2.0
Unarmed Combat | |  3.0
Spellcasting   | |  2.0

Action                   |  1- 3 |  4- 6 || total
-------------------------+-------+-------++-------
Melee: Unarmed           |    62 |    44 ||   106
       Constrict         |    23 |    12 ||    35
       Kick              |     4 |     6 ||    10
       Tentacles         |     9 |     6 ||    15
       Punch             |     1 |       ||     1
 Cast: Beastly Appendage |     7 |     9 ||    16
       Sticks to Snakes  |     2 |     4 ||     6
  Use: Scroll            |       |     1 ||     1
 Stab: Sleeping          |    10 |     1 ||    11
       Distracted        |       |     1 ||     1
  Eat: Chunk             |     3 |     3 ||     6
Armor: Skin              |     5 |     4 ||     9
Dodge: Dodged            |    29 |    30 ||    59
